[Event "32nd NATO Chess Championship"]
[Site "Tartu, Estonia"]
[Date "2022.07.01"]
[Round "7.29"]
[White "Simard, Francois"]
[Black "Giedraitis, Mingaudas"]
[Result "0-1"]
[TimeControl "90 min + 30 sec increment from move one"]
[WhiteFideId "2621681"]
[BlackFideId "12808806"]
[WhiteElo "1757"]
[BlackElo "1846"]

1. d4 d5 2. c4 c6 3. cxd5 cxd5 4. Nc3 Nc6 5. Nf3 Nf6 6. Bg5 e6 7. e3 Be7 8. Rc1 O-O 9. Bd3 Nh5 10.
Bxe7 Qxe7 11. O-O g6 12. a3 Qd6 13. Qc2 Rd8 14. Na4 Nf6 15. Nc5 e5 16. dxe5 Nxe5 17. Be2 b6 18. Nb3 Nxf3+ 19. Bxf3 Ba6 20. Rfd1 Rac8 21. Qb1 Bb7 22. Nd4 Qe7 23. Rxc8 Rxc8 24. Rc1 Rc5 25. Rc2 Ne4 26. Qc1 Kg7 27.
b4 Rxc2 28. Qxc2 Qd7 29. Bd1 Ba6 30. Qc6 Bc8 31. Bb3 Nf6 32. Ba4 Qxc6 33. Bxc6 a6 34. Ne2 Kf8 35. Nc3 Be6 36. Na4 Bd7 37.
Bxd7 Nxd7 38. Kf1 Ke7 39. Ke2 b5 40. Nb2 Ne5 41. Nd3 Nc4 42. Nc5 a5 43. bxa5 Nxa5 44. Kd3 Kd6 45. Kd4 Nc6+ 46.
Kd3 Ke5 47. Na4 Kd6 48. Kd4 Na5 49. Nb6 Nc4 0-1

[Event "32nd NATO Chess Championship"]
[Site "Tartu, Estonia"]
[Date "2022.07.01"]
[Round "7.30"]
[White "Voroblievas, Arturas"]
[Black "Wendler, Edward"]
[Result "1/2-1/2"]
[TimeControl "90 min + 30 sec increment from move one"]
[WhiteFideId "12803430"]
[BlackFideId "30956277"]
[WhiteElo "1740"]
[BlackElo "1839"]

1. e4 c5 2. Nf3 d6 3. d4 cxd4 4. Nxd4 Nf6 5. Nc3 a6 6. Bg5 e6 7. f4 Be7 8. Qf3 Qc7 9. O-O-O Nbd7 10. g4 b5 11. Bxf6 Nxf6 12. g5 Nd7 13. f5 Bxg5+ 14. Kb1 Ne5 15. Qh5 Qe7 16. fxe6 g6 17. exf7+ Kxf7 18. Qe2 Bg4 19. Qf2+ Kg7 20. Be2 Rhf8 21. Qg2 Bxe2 22. Qxe2 Ra7 23. Nd5 Qe8 24. h4 Bf6 25. h5 Kh8 26. hxg6 Nxg6 27. Qe3 Rd7 28. Nxf6 Rxf6 29. Qc3 Ne5 30. Nf5 Qd8 31. a3 Qc7 32. Qh3 Nc4 33. Qh4 Rg6 34. Qh5 Re6 35. Qg4 Re8 36. Rhg1 Qd8 37. Rh1 Qf6 38. c3 Rg8 39. Qh3 Re8 40. Ne3 Rb7 41. Nd5 Qe6 42. Qh5 Qxe4+ 43. Ka2 Qe2 44. Qh2 Nxb2 45. Rde1 Qc4+ 46. Kxb2 Rxe1 47. Rxe1 Qxd5 48. Re8+ Kg7 49. Qg3+ Kf6 50. Qf4+ Kg6 51. Qg4+ Kf6 52. Rf8+ Rf7 53. Qf4+ Ke7 54. Rxf7+ Qxf7 55. Qe4+ 1/2-1/2

[Event "32nd NATO Chess Championship"]
[Site "Tartu, Estonia"]
[Date "2022.07.01"]
[Round "7.32"]
[White "Csizmadia, Csaba"]
[Black "Papler, Peter"]
[Result "0-1"]
[TimeControl "90 min + 30 sec increment from move one"]
[WhiteFideId "763942"]
[BlackFideId "14609770"]
[WhiteElo "1875"]
[BlackElo "1714"]

1. c4 Nf6 2. g3 d6 3. d4 Nbd7 4. Bg2 c6 5. Nf3 Qc7 6. Nc3 e5 7. O-O Be7 8. b3
O-O 9. Ba3 Rd8 10. Qc2 Nf8 11. h3 Ng6 12. Rac1 a6 13. Rfd1 Qa5 14. Bb2 h6 15. a4 Bd7 16. e4 Rab8 17. Ra1 exd4 18. Nxd4 Qh5 19. Nf5 Bxf5 20. exf5 Ne5 21. g4 Nfxg4 22. hxg4 Nxg4 23. Qe2 Bh4 24. Ne4 Re8 25. Bd4 d5 26. cxd5 cxd5 27. f3 Nh2 28. Kxh2 dxe4 29. Kg1 exf3 30. Qxf3 Qg5 31. Bf2 Bxf2+ 32. Kxf2 Re5 33. Rd5 Rbe8 34. Rxe5 Rxe5 35. Bh3 Qd2+ 36. Kf1 Re3 37. Qf2 Qd3+ 0-1

[Event "32nd NATO Chess Championship"]
[Site "Tartu, Estonia"]
[Date "2022.07.01"]
[Round "7.35"]
[White "Muld, Tarmo"]
[Black "O`byrne, Daniel"]
[Result "1/2-1/2"]
[TimeControl "90 min + 30 sec increment from move one"]
[WhiteFideId "4519469"]
[BlackFideId "440825"]
[WhiteElo "1783"]
[BlackElo "1664"]

1. d4 e6 2. c4 d5 3. Nc3 g6 4. Nf3 Bg7 5. Bg5 Nf6 6. e3 O-O 7. Bd3 b6 8. cxd5 exd5 9. O-O h6 10.
Bh4 g5 11. Bg3 Nh5 12. Rc1 Nxg3 13. hxg3 Ba6 14. a3 Bxd3 15. Qxd3 Qd7 16. Rfd1 Nc6 17. b4 Ne7 18. Qc2 Rac8 1/2-1/2

[Event "32nd NATO Chess Championship"]
[Site "Tartu, Estonia"]
[Date "2022.07.01"]
[Round "7.37"]
[White "Ross, David C"]
[Black "Allmann, Lauri"]
[Result "1/2-1/2"]
[TimeControl "90 min + 30 sec increment from move one"]
[WhiteFideId "417572"]
[BlackFideId "2604868"]
[WhiteElo "1677"]
[BlackElo "1804"]

1. e4 d6 2. d4 Nf6 3. Bd3 g6 4. c3 Bg7 5. Bg5 c5 6. Ne2 Nc6 7. Na3 cxd4 8. cxd4 O-O 9. Qd2 Bd7 10.
Bh6 Bxh6 11. Qxh6 Qa5+ 1/2-1/2

[Event "32nd NATO Chess Championship"]
[Site "Tartu, Estonia"]
[Date "2022.07.01"]
[Round "7.38"]
[White "Stuhr, Finn"]
[Black "Ivanovs, Aleksejs"]
[Result "1/2-1/2"]
[TimeControl "90 min + 30 sec increment from move one"]
[WhiteFideId "1400789"]
[BlackFideId "11626283"]
[WhiteElo "1686"]
[BlackElo "1784"]

1. e4 c5 2. Bc4 Nc6 3. Nf3 g6 4. O-O Bg7 5. c3 e6 6. Re1 Nge7 7. d3 O-O 8. Bg5 d5 9. exd5 exd5 10.
Bb3 h6 11. Bh4 Qd7 12. Bg3 Nf5 13. Ne5 Nxe5 14. Bxe5 Re8 15. Bxg7 Nxg7 16. Nd2 b6 17. Rxe8+ Nxe8 18. Nf3 Bb7 19. Ne5 Qf5 1/2-1/2

[Event "32nd NATO Chess Championship"]
[Site "Tartu, Estonia"]
[Date "2022.07.01"]
[Round "7.39"]
[White "Moulton, Richard"]
[Black "Windey, Luc"]
[Result "0-1"]
[TimeControl "90 min + 30 sec increment from move one"]
[WhiteFideId "2622718"]
[BlackFideId "249220"]
[WhiteElo "1766"]
[BlackElo "1624"]

1. e4 c5 2. Nf3 Nc6 3. Bb5 a6 4. Bxc6 bxc6 5. O-O d5 6. d3 Bg4 7. h3 Bh5 8. Bf4 e6 9. Nbd2 Bd6 10.
Bxd6 Qxd6 11. c3 Ne7 12. Qc2 O-O 13. e5 Qc7 14. d4 c4 15. Nh4 Be2 16. Rfe1 Bd3 17. Qa4 c5 18. Rac1 cxd4 19.
cxd4 Qb6 20. b3 Qxd4 21. Nhf3 Qb2 22. bxc4 dxc4 23. Nxc4 Qb5 24. Qxb5 axb5 25. Nd6 Rxa2 26. Re3 Bc4 27.
Nxc4 bxc4 28. Rxc4 Rb8 29. Rc7 Nd5 30. Rec3 Nxc3 31. Rxc3 h6 32. Rc1 Rbb2 33. Rf1 Re2 34. g4 Kh7 35.
Kg2 g5 36. Kg3 Ra3 37. Kg2 Rea2 38. Nd4 Ra1 39. Rxa1 Rxa1 40. Kg3 Kg6 41. Nf3 Ra3 42. Kg2 h5 43. Kg3 Ra4 44. gxh5+ Kxh5 45.
Nh2 Ra3+ 46. f3 Re3 47. Ng4 Re2 48. Nf6+ Kg6 49. Ng4 Ra2 50. h4 gxh4+ 51. Kxh4 Rg2 52. Kh3 Rg1 53. Kh2 Ra1 54.
Kg3 Kg5 55. f4+ Kf5 56. Kf3 Rf1+ 0-1

[Event "32nd NATO Chess Championship"]
[Site "Tartu, Estonia"]
[Date "2022.07.01"]
[Round "7.42"]
[White "Boudry, Rik"]
[Black "Koopmeiners, Karl"]
[Result "1/2-1/2"]
[TimeControl "90 min + 30 sec increment from move one"]
[WhiteFideId "237540"]
[BlackFideId "24624373"]
[WhiteElo "1468"]
[BlackElo "1946"]

1. e4 c6 2. d4 d5 3. exd5 cxd5 4. c3 Nc6 5. Bf4 Nf6 6. Bd3 g6 7. Nf3 Bg7 8. O-O O-O 9. Nbd2 Bf5 10.
Bxf5 gxf5 11. Ne5 Nxe5 12. Bxe5 e6 13. Nf3 1/2-1/2

[Event "32nd NATO Chess Championship"]
[Site "Tartu, Estonia"]
[Date "2022.07.01"]
[Round "7.43"]
[White "Steffers, Hendrik"]
[Black "Echavarria Hidalgo, Fernando"]
[Result "1/2-1/2"]
[TimeControl "90 min + 30 sec increment from move one"]
[WhiteFideId "1010743"]
[BlackFideId "2617528"]
[WhiteElo "1838"]
[BlackElo "1749"]

1. d4 Nf6 2. Nf3 e6 3. e3 c5 4. Bd3 Nc6 5. c3 cxd4 6. exd4 Be7 7. O-O O-O 8. Nbd2 d5 9. Re1 Qc7 10.
Ne5 Nxe5 11. dxe5 Nd7 12. f4 Nc5 13. Bc2 g6 14. Nf3 f5 15. exf6 Bxf6 16. Ne5 Qg7 17. Ng4 Bh4 18. g3 Be7 19.
Be3 Nd7 20. Bf2 h5 21. Bd4 Bc5 22. Bxc5 Nxc5 23. Ne5 Rf6 24. Qd4 b6 25. Re3 Nb7 26. Qd3 Nc5 27. Qd4 Nb7 28. Rae1 Nd6 29.
b3 Nf5 30. Bxf5 Rxf5 31. Nf3 Bd7 32. Qxg7+ Kxg7 33. Nd4 Rf7 34. Nxe6+ Bxe6 35. Rxe6 Rc8 36. R1e3 Kh6 37. Rd6 Rfc7 38.
Rxd5 Rxc3 39. Rxc3 Rxc3 40. Rd2 Rc1+ 41. Kf2 Rc5 42. Ke3 Rc7 43. Ke4 Kg7 44. Rg2 Kf6 45. h3 Rc5 46. g4 Ra5 47.
Rc2 hxg4 48. hxg4 Kg7 49. Rf2 Rc5 50. Kd4 Kf6 51. a3 Ke6 52. b4 Rc7 53. Re2+ Kd6 54. Re3 Rf7 55. Rf3 Rc7 56.
a4 a6 57. Re3 Rf7 58. Re4 Rc7 59. Re8 Rf7 60. Ke4 Rc7 61. Kd3 Rf7 62. Ke3 Kd7 63. Ra8 Kc6 64. Rg8 Re7+ 65. Kf3 Re6 66.
f5 gxf5 67. gxf5 Re1 68. Rg6+ Kc7 69. f6 Rf1+ 70. Ke4 Re1+ 71. Kd4 Rd1+ 72. Ke5 Re1+ 73. Kd5 Rd1+ 74. Ke6 Re1+ 75. Kd5 Rd1+ 76.
Kc4 Rf1 77. Rg7+ Kd6 78. f7 Rf4+ 79. Kc3 Ke7 80. Rg6 a5 81. bxa5 bxa5 82. Kb3 Rxf7 83. Ra6 1/2-1/2